 Dungeon Crawl Stone Soup version 0.19.4-9-g45fd643 (console) character file.

126 Grinner the Ruffian (level 4, 0/44 HPs)
             Began as a Troll Monk on Feb 19, 2017.
             Slain by an orc priest (2 damage)
             ... on level 3 of the Dungeon.
             The game lasted 00:03:48 (1671 turns).

Grinner the Ruffian (Troll Monk)                    Turns: 1671, Time: 00:03:49

Health: 0/44       AC:  5    Str: 20    XL:     4   Next: 83%
Magic:  3/3        EV: 10    Int:  6    God:
Gold:   118        SH:  0    Dex: 12    Spells: 1 memorised, 2 levels left

rFire  . . .     SeeInvis .       - Unarmed
rCold  . . .     Gourm    +     a - +0 robe
rNeg   . . .     Faith    .     (no shield)
rPois  .         Spirit   .     (helmet restricted)
rElec  .         Reflect  .     (no cloak)
rCorr  .         Harm     .     (gloves unavailable)
MR     .....                    (boots unavailable)
Stlth  ++........               (no amulet)
                                (no ring)
                                (no ring)

@: no status effects
A: unfitting armour, claws 3, fast metabolism 3, gourmand, regeneration 1,
shaggy fur 1, tough skin 2
a: no special abilities


You were on level 3 of the Dungeon.
You were completely stuffed.

You visited 1 branch of the dungeon, and saw 3 of its levels.

You collected 118 gold pieces.

Inventory:

Armour
 a - a +0 robe (worn)
Scrolls
 d - a scroll of identify {unknown}
 f - 2 scrolls of remove curse {unknown}
 g - 2 scrolls of magic mapping {unknown}
 h - a scroll of random uselessness {unknown}
 n - a scroll of immolation {unknown}
Potions
 c - a potion of brilliance
 e - a potion of degeneration {unknown}
 o - a potion of curing
Books
 m - a book of Cantrips

   Spells                             Type                      Level
   a - Confusing Touch                Hexes                        1
   b - Animate Skeleton               Necromancy                   1
   c - Summon Small Mammal            Summoning                    1
   d - Apportation                    Translocation                1
Comestibles
 b - 5 bread rations
 i - a royal jelly
 j - 15 chunks of flesh
 k - 2 meat rations
 l - a slice of pizza
 r - 2 fruits


   Skills:
 - Level 2.4 Fighting
 - Level 2.4 Dodging
 - Level 1.0 Stealth
 + Level 4.8 Unarmed Combat
 * Level 1.6 Hexes


You had 2 spell levels left.
You knew the following spells:

 Your Spells              Type           Power        Failure   Level  Hunger
x - Confusing Touch       Hex            #.....       28%         1    ##.....


Dungeon Overview and Level Annotations

Branches:
Dungeon (3/15)

Altars:
Hepliaklqana
Ru

Annotations:
D:3 Sigmund


Innate Abilities, Weirdness & Mutations

You are too large for most types of armour.
You have claws for hands.
Your metabolism is lightning-fast.
You like to eat raw meat.
Your natural rate of healing is unusually fast.
You are covered in fur. (AC +1)
You have very tough skin. (AC +2)


Message History

You are too injured to fight recklessly!
You are too injured to fight recklessly!
You are too injured to fight recklessly!
You are too injured to fight recklessly!
You barely miss the orc priest.
The orc priest is almost dead.
The rat closely misses you. The orc closely misses you.
The orc priest closely misses you.
You scratch the orc priest but do no damage.
The orc priest is almost dead.
The rat barely misses you.
The orc priest invokes the aid of Beogh against you.
Pain shoots through your body!
* * * LOW HITPOINT WARNING * * *
The orc barely misses you. Something hits you.
* * * LOW HITPOINT WARNING * * *
You scratch the orc priest but do no damage.
The orc priest is almost dead.
The rat bites you but does no damage. The orc priest hits you.
You die...

#.......###...#
#.......##...##
##.....#...#.# #####
##........#.####....
#####..#........###
#........#######
#.#....#.##
P######)...###..##
P...%..@...# ##...#
P.....oor.....###.######
####..{.#####.###.......
......#####...##......
#....#.........(<......
#.##.#############.....
... .? #†.... ## ..#
#..... #....>


You could see an orc priest, an orc and a rat.

Vanquished Creatures
  Robin (D:3)
  5 adders
  A worm (D:2)
  A dart slug (D:2)
  2 leopard geckos (D:1)
  An orc (D:3)
  2 giant cockroaches (D:3)
  15 goblins
  11 hobgoblins
  4 kobolds
  A quokka (D:3)
  A ball python (D:1)
  3 bats
  9 frilled lizards
  5 rats
62 creatures vanquished.

Notes
Turn   | Place    | Note
-------+----------+-------------------------------------------
     0 | D:1      | Grinner the Troll Monk began the quest for the Orb.
     0 | D:1      | Reached XP level 1. HP: 22/22 MP: 0/0
   148 | D:1      | Reached XP level 2. HP: 29/29 MP: 1/1
   479 | D:1      | Reached skill level 4 in Unarmed Combat
   845 | D:2      | Reached XP level 3. HP: 36/36 MP: 2/2
   870 | D:2      | Learned a level 1 spell: Confusing Touch
  1024 | D:2      | Found a sacrificial altar of Ru.
  1129 | D:2      | Found a hazy altar of Hepliaklqana.
  1155 | D:2      | Reached XP level 4. HP: 44/44 MP: 3/3
  1484 | D:3      | Reached skill level 1 in Hexes
  1526 | D:3      | Noticed Robin
  1568 | D:3      | Killed Robin
  1661 | D:3      | Noticed Sigmund
  1670 | D:3      | HP: 2/44 [something (5)]
  1671 | D:3      | Slain by an orc priest

Skill      XL: |  1  2  3  4 |
---------------+-------------+-----
Unarmed Combat | 4 |  4.8
Hexes          | 1 |  1.6
Fighting       | |  2.4
Dodging        | |  2.4
Stealth        | |  1.0

Action                   |  1- 3 |  4- 6 || total
-------------------------+-------+-------++-------
Melee: Unarmed           |   101 |    64 ||   165
       Punch             |     1 |     1 ||     2
  Use: Potion            |       |     7 ||     7
 Stab: Sleeping          |     1 |       ||     1
  Eat: Chunk             |    15 |     6 ||    21
Armor: Robe              |    27 |    33 ||    60
Dodge: Dodged            |    39 |    66 ||   105
